AoeStats
← kyx19842002

Marketplace

506590195Analyzed
1v1 RM · 20d ago on Sep 14, 2026· 50m 1s· 2 players
Game mode
Random Map
Map size
Tiny (2 player)
Population
200
Speed
Normal
Resources
Standard
Victory
Conquest
Starting age
Dark Age
Ending age
Imperial Age
RankedLock teamsTeams togetherTeam positionsShared explorationLock speedFull tech treeHidden civsTurbo modeCheats
Victory
Defeat
🇨🇳 Romans · China
461
+12
🇩🇪 Goths · Germany
370
-12
Willy der Grosse
1:27 Loom
14:52 Feudal Age
15:22 Man-at-Arms
16:09 Town Watch
18:40 Wheelbarrow
19:26 Fletching
19:48 Forging
21:50 Double-Bit Axe
22:47 Scale Mail Armor
24:38 Padded Archer Armor
32:27 Scale Barding Armor
35:31 Castle Age
34:35 Bloodlines
36:16 Squires
37:42 Bodkin Arrow
37:19 Light Cavalry
38:25 Horse Collar
38:42 Gold Mining
38:43 Stone Mining
38:17 Long Swordsman
39:37 Heavy Plow
40:08 Pikeman
42:11 Town Patrol
42:03 Crossbowman
43:26 Hand Cart
45:57 Iron Casting
45:38 Chain Mail Armor
48:57 Anarchy
kyx19842002
10:39 Feudal Age
15:08 Castle Age
13:20 Double-Bit Axe
13:18 Horse Collar
16:48 Heavy Plow
18:01 Loom
18:17 Stone Mining
19:20 Bow Saw
21:05 Wheelbarrow
20:23 Town Watch
22:36 Scale Barding Armor
23:50 Bloodlines
24:17 Forging
25:28 Hand Cart
26:49 Chain Barding Armor
30:43 Caravan
31:03 Gold Mining
32:02 Husbandry
32:42 Iron Casting
33:22 Ballistas
33:38 Squires
33:50 Fletching
34:01 Padded Archer Armor
34:01 Scale Mail Armor
33:45 Light Cavalry
34:47 Town Patrol
38:10 Gold Shaft Mining
41:17 Imperial Age
38:14 Pikeman
38:15 Man-at-Arms
39:13 Chain Mail Armor
39:13 Leather Archer Armor
38:53 Bodkin Arrow
39:28 Ballistics
39:19 Masonry
39:05 Murder Holes
40:41 Long Swordsman
41:25 Cavalier
43:20 Blast Furnace
42:56 Plate Barding Armor
42:51 Ring Archer Armor
42:49 Conscription
41:52 Elite Centurion
42:47 Guilds
43:20 Comitatenses
44:27 Chemistry
43:58 Architecture
43:34 Siege Engineers
44:57 Sappers
44:53 Elite Skirmisher
44:56 Legionary
45:50 Halberdier
46:50 Capped Ram
46:50 Heavy Scorpion
47:36 Herbal Medicine
47:52 Fervor
49:15 Devotion
49:30 Block Printing
Connection lost

Rejoining the realm…

Still unreachable

The connection could not be restored.

Session expired

The server has moved on; the page needs a fresh start.